 Dungeon Crawl Stone Soup version 0.24.0-123-gd5b16e6ec5 (webtiles) character file.

Game seed: 17805659355565616281, levelgen mode: deterministic

252 Bergy the Cudgeler (level 6, 0/37 HPs)
             Began as a Gargoyle Fighter on Dec 27, 2019.
             Killed by divine providence
             ... invoked by an orc priest
              (10 damage)
             ... on level 4 of the Dungeon.
             The game lasted 00:09:21 (3464 turns).

Bergy the Cudgeler (Gargoyle Fighter)               Turns: 3464, Time: 00:09:22

Health: 0/37       AC: 10    Str: 22    XL:     6   Next: 13%
Magic:  6/6        EV:  7    Int:  8    God:
Gold:   183        SH:  8    Dex:  9    Spells: 5/5 levels left

rFire    . . .     SeeInvis .   a - +1 flail
rCold    . . .     Gourm    .   c - +0 shield
rNeg     + . .     Faith    .   b - +0 scale mail
rPois    ∞         Spirit   .   (no helmet)
rElec    +         Reflect  .   (no cloak)
rCorr    .         Harm     .   (no gloves)
MR       .....                  (no boots)
Stlth    +.........             (no amulet)
HPRegen  0.12/turn              h - ring of stealth
MPRegen  0.10/turn              (no ring)

@: heavily drained
A: negative energy resistance 1, electricity resistance, unbreathing,
petrification resistance, rot immunity, AC +4
a: no special abilities


You were on level 4 of the Dungeon.
You were not hungry.

You visited 1 branch of the dungeon, and saw 4 of its levels.

You collected 183 gold pieces.

Inventory:

Hand Weapons
 a - a +1 flail (weapon)
Armour
 b - a +0 scale mail (worn)
 c - a +0 shield (worn)
Jewellery
 h - a ring of stealth (left hand)
Wands
 l - a wand of scattershot (6)
Scrolls
 k - a scroll of immolation {unknown}
 m - 2 scrolls of remove curse
 n - 2 scrolls of random uselessness {unknown}
 p - 2 scrolls of enchant weapon
 r - 5 scrolls of identify {unknown}
 s - a scroll of teleportation
 z - a scroll of amnesia {unknown}
Potions
 d - 2 potions of might
 e - a potion of lignification {unknown}
 g - a potion of agility {unknown}
 j - a potion of heal wounds {unknown}
 q - a potion of curing {unknown}
 t - a potion of ambrosia {unknown}
 u - a potion of degeneration {unknown}
 v - a potion of mutation {unknown}
 w - a potion of haste {unknown}
 x - a potion of brilliance {unknown}
Comestibles
 f - 7 rations


   Skills:
 - Level 3.2(2.1) Fighting
 + Level 6.2(5.0) Maces & Flails
 - Level 3.2(2.1) Armour
 - Level 3.2(2.1) Shields


You had 5 spell levels left.
You didn't know any spells.
Your spell library was empty.

Dungeon Overview and Level Annotations

Branches:
Dungeon (4/15)
 Temple: D:4-7

Altars:
Dithmenos
Gozag
Wu Jian
Xom
The Shining One

Annotations:
D:2 1 runed translucent door, Crazy Yiuf


Innate Abilities, Weirdness & Mutations

You are resistant to torment.
Your stone body is resilient. (AC +4)
You are immune to poison.
You resist negative energy. (rN+)
You are resistant to electric shocks. (rElec)
You can survive without breathing.
You are immune to petrification.
You are immune to rotting.


Message History

The orc priest is heavily wounded.
The orc priest hits you but does no damage.
You hit the orc priest.
The orc priest is severely wounded.
You block the orc priest's attack.
The orc priest looks braver for a moment.
You barely miss the orc priest.
The orc priest is severely wounded.
The orc priest barely misses you.
You barely miss the orc priest.
The orc priest is severely wounded.
You block the orc priest's attack.
You closely miss the orc priest.
The orc priest is severely wounded.
The orc priest hits you but does no damage.
You closely miss the orc priest.
The orc priest is severely wounded.
The orc priest calls down the wrath of Beogh upon you.
Beogh smites you!
You die...

... #.# #.# #.#
#.# ##.## #.# .o.#
#.# #..## #
#...###.#
##########o#.#...#
....>..@ooo._..#
############.###
#<.# #..# #.## #.#
###


You could see an orc priest, an orc wizard and 2 orcs.

Vanquished Creatures
  An orc priest (D:4)
  A centaur skeleton (D:4)
  Jessica (D:3)
  Terence (D:2)
  7 adders
  2 worms (D:2)
  3 dart slugs
  3 leopard geckos (D:2)
  An orc (D:3)
  5 giant cockroaches
  13 hobgoblins
  5 jackals
  5 kobolds
  4 bats
  4 frilled lizards
  8 goblins
  5 rats
69 creatures vanquished.

Notes
Turn   | Place    | Note
-------+----------+-------------------------------------------
     0 | D:1      | Bergy the Gargoyle Fighter began the quest for the Orb.
     0 | D:1      | Reached XP level 1. HP: 14/14 MP: 1/1
   200 | D:1      | Reached XP level 2. HP: 19/19 MP: 2/2
   272 | D:1      | Reached skill level 3 in Maces & Flails
   451 | D:1      | Reached XP level 3. HP: 23/23 MP: 3/3
   940 | D:2      | Reached skill level 4 in Maces & Flails
  1101 | D:2      | Reached XP level 4. HP: 28/28 MP: 4/4
  1474 | D:2      | Noticed Terence
  1687 | D:2      | Found a runed translucent door.
  1688 | D:2      | Noticed Crazy Yiuf
  1937 | D:2      | Killed Terence
  1937 | D:2      | Reached skill level 5 in Maces & Flails
  1937 | D:2      | Reached XP level 5. HP: 31/32 MP: 5/5
  2115 | D:3      | Found a shadowy altar of Dithmenos.
  2152 | D:3      | Found an opulent altar of Gozag.
  2267 | D:3      | Noticed Jessica
  2278 | D:3      | Killed Jessica
  2376 | D:3      | Found a glowing golden altar of the Shining One.
  2639 | D:3      | Found a white marble altar of Elyvilon.
  2641 | D:3      | Found a shattered altar of Ashenzari.
  2641 | D:3      | Found a shimmering altar of Xom.
  2666 | D:3      | Found a white marble altar of Elyvilon.
  2666 | D:3      | Found an iron altar of Okawaru.
  2666 | D:3      | Found a shattered altar of Ashenzari.
  3369 | D:4      | Found an ornate altar of the Wu Jian Council.
  3386 | D:4      | Reached skill level 6 in Maces & Flails
  3386 | D:4      | Reached XP level 6. HP: 27/37 MP: 6/6
  3464 | D:4      | Killed from afar by an orc priest

Levels and vault maps discovered:
D:1:      co_arrival_two_rings, layout_basic, serial_bayou, serial_bayou_pond_d,
          serial_bayou_lagoon_a, serial_bayou_crossing, serial_bayou_pond_e,
          minmay_ruptured
D:2:      layout_loops_cross, first_ration, uniq_terence,
          uniq_crazy_yiuf_cottage
D:3:      layout_loops_ring, grunt_dithmenos_smoke,
          nicolae_gozag_cash_rules_everything_around_me, doesnt_xom_only_xom,
          tso_metal_star, uniq_jessica
D:4:      layout_basic, lemuel_crystal_altar, evilmike_ruin_ashenzari

Skill      XL: |  1  2  3  4  5 |
---------------+----------------+-----
Maces & Flails | 3 4 5 6 |  6.2
Fighting       | |  3.2
Armour         | |  3.2
Shields        | |  3.2

Action                   |  1- 3 |  4- 6 || total
-------------------------+-------+-------++-------
Melee: Flail             |   123 |   164 ||   287
  Use: Scroll            |       |     5 ||     5
       Potion            |       |     1 ||     1
  Eat: Chunk             |     1 |     2 ||     3
       Ration            |       |     2 ||     2
Armor: Scale mail        |    59 |    72 ||   131
Dodge: Dodged            |    29 |    41 ||    70
Block: Shield            |    76 |    78 ||   154
